 Dungeon Crawl Stone Soup version 0.30.0-30-g96aa6591b8 (webtiles) character file.

Game seed: 13901243593129103720

3881 Fodor the Cleaver (level 10, -2/86 HPs)
             Began as a Minotaur Fighter on June 29, 2023.
             Was an Initiate of Gozag.
             Slain by a white ugly thing (33 damage)
             ... on level 8 of the Dungeon.
             The game lasted 00:25:56 (5369 turns).

Fodor the Cleaver (Minotaur Fighter)                Turns: 5369, Time: 00:25:56

Health: -2/86      AC: 29    Str: 25    XL:     10   Next: 0%
Magic:  18/18      EV:  9    Int:  5    God:    Gozag
Gold:   359        SH:  0    Dex: 10    Spells: 9/9 levels left

rFire   . . .        y - +10 battleaxe of the Foot {freeze, MP+9}
rCold   . . .        (shield currently unavailable)
rNeg    . . .        v - +18 Lear's hauberk
rPois   .            (helmet currently unavailable)
rElec   .            (no cloak)
rCorr   .            (gloves currently unavailable)
SInv    .            (boots currently unavailable)
Will    .....        A - amulet of regeneration Stlth
                     (no ring)
HPRegen 1.14/turn    (no ring)
MPRegen 0.16/turn

%: no passive effects
@: no status effects
A: horns 2, retaliatory headbutt
a: Renounce Religion, Potion Petition, Call Merchant, Bribe Branch


You were on level 8 of the Dungeon.
You worshipped Gozag.
Gozag was aware of your devotion.
You visited 2 branches of the dungeon, and saw 9 of its levels.

You collected 815 gold pieces.
You spent 287 gold pieces at shops.
You paid 169 gold pieces to Gozag.

Inventory:

Hand Weapons
 a - a +0 long sword
 y - the +10 battleaxe of the Foot (weapon) {freeze, MP+9}
   (You bought it in a shop on level 4 of the Dungeon)

   MP:        It affects your magic capacity (+9).
Missiles
 i - 21 poisoned darts (quivered)
 B - 6 curare-tipped darts
Armour
 c - a +0 buckler
 g - a +1 pair of boots of flying
 v - the +18 Lear's hauberk (worn)
   (You found it on level 4 of the Dungeon)
Jewellery
 p - a ring of wizardry
 A - an amulet of regeneration (around neck)
 G - a ring of ice
Wands
 s - a wand of roots (18)
 u - a wand of flame (19)
 w - a wand of paralysis (34)
Scrolls
 b - a scroll of silence {unknown}
 e - a scroll of torment {unknown}
 f - 6 scrolls of identify {unknown}
 j - 2 scrolls of fear {unknown}
 l - a scroll of teleportation {unknown}
 q - 2 scrolls of enchant armour {unknown}
 r - 2 scrolls of poison {unknown}
 x - a scroll of blinking {unknown}
 z - a scroll of vulnerability {unknown}
 C - 2 scrolls of fog {unknown}
 D - a scroll of brand weapon {unknown}
 F - a scroll of noise {unknown}
 H - a scroll of amnesia {unknown}
Potions
 d - 2 potions of might
 h - a potion of resistance {unknown}
 k - 3 potions of brilliance {unknown}
 m - 5 potions of flight {unknown}
 n - 3 potions of lignification {unknown}
 o - 3 potions of curing {unknown}
 t - 3 potions of attraction {unknown}
 E - a potion of heal wounds {unknown}


   Skills:
 + Level 7.2 Fighting
 + Level 6.6 Long Blades
 + Level 11.5 Axes
 + Level 8.5 Armour
 + Level 2.5 Dodging
 + Level 1.1 Stealth
 + Level 4.7 Shields


You had 9 spell levels left.
You didn't know any spells.
Your spell library contained the following spells:

 Spells                   Type           Power      Damage    Failure   Level
 Magic Dart               Conj           0%         1d3       93%         1
 Lesser Beckoning         Tloc           0%         N/A       98%         2
 Searing Ray              Conj           0%         2d4       98%         2
 Sublimation of Blood     Necr           0%         N/A       98%         2
 Wereblood                Tmut           0%         N/A       98%         2
 Gell's Gravitas          Tloc           0%         N/A       100%        3
 Teleport Other           Tloc           0%         N/A       100%        3
 Vhi's Electric Charge    Tloc/Air       0%         N/A       100%        3
 Fulminant Prism          Conj/Hex       0%         3d5       100%        4
 Arcjolt                  Conj/Air       0%         1d10      100%        5
 Plasma Beam              Fire/Air       0%         2x1d11    100%        6
 Summon Hydra             Summ           0%         N/A       100%        7
 Maxwell's Capacitive Co  Air            0%         ∞         100%        8


Dungeon Overview and Level Annotations

Branches:
Dungeon (8/15)             Temple (1/1) D:5
   Lair: D:8-11

Altars:
Ashenzari
Dithmenos
Elyvilon
Gozag
Makhleb
Okawaru
Sif Muna
Wu Jian
Zin
The Shining One

Shops:
D:4 ((


Innate Abilities, Weirdness & Mutations

You have a pair of horns on your head.
You reflexively headbutt those who attack you in melee.


Message History

H - a scroll labelled YTEUHEBRAICK You start waiting.
Done waiting.
Found 13 gold pieces.
Found a long sword.
You now have 359 gold pieces (gained 13).
You see here a +0 long sword.
Found 4 stones.
Found a dagger.
Found a mace.
Found a plate armour.
You see here a +0 mace.
You open the door.
A white ugly thing comes into view.
The white ugly thing tail-slaps you but does no damage.
There is an open door here.
You barely miss the white ugly thing.
Your headbutt misses the white ugly thing.
The white ugly thing tail-slaps you. The white ugly thing freezes you!!
You slice the white ugly thing!! You freeze the white ugly thing!
The white ugly thing is heavily wounded.
The white ugly thing barely misses you.
You slash the white ugly thing! You freeze the white ugly thing.
Your headbutt misses the white ugly thing.
The white ugly thing is severely wounded.
The white ugly thing tail-slaps you but does no damage.
A fire elemental comes into view.
You barely miss the white ugly thing.
Your headbutt misses the white ugly thing.
The white ugly thing is severely wounded.
The white ugly thing tail-slaps you but does no damage. x2
You closely miss the white ugly thing.
Your headbutt misses the white ugly thing.
The white ugly thing is severely wounded.
The white ugly thing tail-slaps you. The white ugly thing freezes you!!
You hit the white ugly thing but do no damage.
The white ugly thing is severely wounded.
The white ugly thing tail-slaps you. The white ugly thing freezes you!!
You die...
Your body crumbles into a pile of gold.

#..##.##..........#
###...##.........##
##..§..##.........#
####...##....^....##
+#.. #.##.........##
##... ##....#.#####
##.... ##..####.#
##..Eu##..## #.#
#@..## #.# #####
##.####
#####....[####
#.........#..#
##........#..#
#...)........#
###.....##..##
###########


You could see a white ugly thing and a fire elemental.

Vanquished Creatures
  Joseph (D:8)
  A troll (D:5)
  A shadow (D:8)
  Sigmund (D:4)
  11 yaks (D:8)
  A steam dragon (D:7)
  2 water moccasins
  An ice beast (D:7)
  A centaur (D:7)
  A phantom (D:5)
  2 kobold brigands
  A bullfrog (D:7)
  3 scorpions
  A jelly (D:4)
  A gnoll bouda (D:5)
  2 orc priests (D:7)
  5 hounds
  A sleepcap (D:4)
  2 orc wizards (D:6)
  5 gnolls (D:5)
  3 adders
  6 worms
  4 dart slugs
  15 orcs
  7 bats
  2 endoplasms
  A giant cockroach (D:1)
  4 goblins
  5 hobgoblins
  2 jackals (D:2)
  4 quokkas
  5 ball pythons
  7 frilled lizards
  9 kobolds
  4 rats
122 creatures vanquished.

Notes
Turn   | Place    | Note
-------+----------+-------------------------------------------
     0 | D:1      | Fodor the Minotaur Fighter began the quest for the Orb.
     0 | D:1      | Reached XP level 1. HP: 19/19 MP: 0/0
   232 | D:1      | Reached XP level 2. HP: 26/27 MP: 1/1
   783 | D:2      | Reached XP level 3. HP: 33/33 MP: 2/2
   941 | D:2      | Found an ornate altar of the Wu Jian Council.
  1212 | D:2      | Found a faded altar of an unknown god.
  1696 | D:3      | Found a glowing silver altar of Zin.
  1709 | D:3      | Reached XP level 4. HP: 40/40 MP: 3/3
  1712 | D:3      | Reached skill level 1 in Dodging
  2259 | D:4      | Found the +18 Lear's hauberk
  2265 | D:4      | Noticed Sigmund
  2276 | D:4      | Killed Sigmund
  2277 | D:4      | Reached skill level 5 in Long Blades
  2277 | D:4      | Reached skill level 5 in Armour
  2277 | D:4      | Reached XP level 5. HP: 32/47 MP: 4/4
  2277 | D:4      | Reached XP level 6. HP: 37/53 MP: 5/5
  2767 | D:4      | Found Zuegamad's Antique Weapon Emporium.
  2787 | D:4      | Bought a pitted battleaxe for 287 gold pieces
  2787 | D:4      | Identified the +10 battleaxe of the Foot {freeze, MP+9}
                  | (You bought it in a shop on level 4 of the Dungeon)
  2823 | D:4      | Found Kirgho's Antique Weapon Shop.
  2962 | D:4      | You fall into a shaft and drop 3 floors!
  3115 | D:7      | Noticed a water moccasin
  3125 | D:7      | Killed a water moccasin
  3126 | D:7      | Reached skill level 1 in Axes
  3126 | D:7      | Reached XP level 7. HP: 40/60 MP: 6/6
  3217 | D:7      | Reached skill level 5 in Fighting
  3284 | D:7      | Identified the +3 leather armour of Cowardice {rF+ rC-
                  | rCorr Int+3}
  3308 | D:7      | Reached skill level 2 in Axes
  3385 | D:5      | Entered Level 5 of the Dungeon
  3385 | D:5      | Found a broken altar of Ashenzari.
  3390 | D:5      | Reached skill level 3 in Axes
  3409 | D:5      | Found an ornate altar of the Wu Jian Council.
  3411 | D:5      | Found a glowing golden altar of the Shining One.
  3412 | D:5      | Found a shadowy altar of Dithmenos.
  3418 | D:5      | Reached skill level 4 in Axes
  3433 | D:5      | Reached XP level 8. HP: 68/68 MP: 7/7
  3467 | D:5      | Reached skill level 5 in Axes
  3618 | D:5      | Reached skill level 6 in Axes
  3708 | D:5      | Noticed a troll
  3712 | D:5      | Killed a troll
  3713 | D:5      | Reached skill level 7 in Axes
  3862 | D:5      | Found a staircase to the Ecumenical Temple.
  3868 | Temple   | Entered the Ecumenical Temple
  4001 | Temple   | Became a worshipper of Gozag Ym Sagoz the Greedy
  4754 | D:7      | Reached skill level 8 in Axes
  4894 | D:8      | Reached skill level 9 in Axes
  4894 | D:8      | Reached XP level 9. HP: 74/75 MP: 8/8
  4993 | D:8      | Noticed Joseph
  5006 | D:8      | Killed Joseph
  5007 | D:8      | Reached skill level 10 in Axes
  5045 | D:8      | Reached skill level 1 in Stealth
  5049 | D:8      | Reached skill level 11 in Axes
  5058 | D:8      | Reached XP level 10. HP: 44/86 MP: 9/9
  5362 | D:8      | Noticed a white ugly thing
  5369 | D:8      | Slain by a white ugly thing

Illustrated notes

Levels and vault maps discovered:
D:1:      nzn_arrival_crosshair, layout_loops_ring, st_stairs_8
D:2:      layout_loops_corners, shapermc_ecumenical_altar_mp_ritualfount,
          basic_altar
D:3:      layout_rooms, mainiacjoe_overflow_brackets
D:4:      layout_loops_ring, serial_shops, shop_coins, kennysheep_small_square,
          uniq_sigmund
D:5:      layout_rooms, grunt_temple_overflow_open,
          minmay_temple_entry_enclosed_plants
D:6:      layout_loops_ring
D:7:      layout_loops_ring
D:8:      layout_cave_pods, dilly_guarded_unrand_elemental_staff, uniq_joseph
Temple:   regret_index_temple_waves

Skill      XL: |  1  2  3  4  5  6  7  8  9 |
---------------+----------------------------+-----
Armour         | 4 5 6 8 |  8.5
Fighting       | 4 5 6 7 |  7.2
Shields        | 4 |  4.7
Long Blades    | 3 5 6 |  6.6
Dodging        | 1 2 |  2.5
Axes           | 1 4 9 11 | 11.5
Stealth        | 1 |  1.1

Action                     |  1- 3 |  4- 6 |  7- 9 | 10-12 || total
---------------------------+-------+-------+-------+-------++-------
  Melee: Long sword        |   112 |    80 |       |       ||   192
         Headbutt          |    16 |    18 |    14 |       ||    48
         Battleaxe         |       |    14 |    97 |     6 ||   117
   Stab: Distracted        |       |       |     1 |       ||     1
 Armour: Scale mail        |    62 |    17 |       |       ||    79
         Chain mail        |       |    49 |   116 |     4 ||   169
  Dodge: Dodged            |    78 |    45 |    60 |     1 ||   184
  Block: Buckler           |    30 |    24 |       |       ||    54
